 Dungeon Crawl Stone Soup version 0.31-a0-507-gbafd7f5274 (webtiles) character file.

Game seed: 6403062397921738881

403 jlumianski the Magician (level 7, -4/50 HPs)
             Began as a Djinni Fire Elementalist on Aug 9, 2023.
             Slain by an ogre
             ... wielding a +0 giant club
              (22 damage)
             ... on level 4 of the Dungeon.
             The game lasted 00:18:45 (2961 turns).

jlumianski the Magician (Djinni Fire Elementalist)  Turns: 2961, Time: 00:18:48

Health: -4/50      AC:  5    Str:  7    XL:     7   Next: 11%
Gold:   106        EV: 13    Int: 25    God:
                   SH:  0    Dex: 13

rFire   + + +        u - +3 short sword (venom)
rCold   . . .        (no shield)
rNeg    . . .        x - +0 robe {rC+ rF+}
rPois   ∞            g - +2 helmet
rElec   .            (no cloak)
rCorr   .            (no gloves)
SInv    .            (boots unavailable)
Will    .....        (no amulet)
Stlth   ++           k - +6 ring of intelligence
HPRegen 0.28/turn    (no ring)
MPRegen 0.00/turn

%: infuse magic (-5 HP)
@: flying
A: sickness immunity, fire resistance 2, cold vulnerability 1, float, innate
caster, HP casting, extra vitality 1
a: no special abilities


You were on level 4 of the Dungeon.
You visited 1 branch of the dungeon, and saw 5 of its levels.

You collected 106 gold pieces.

Inventory:

Hand Weapons
 f - a +0 dagger
 q - a +2 dagger of venom
 u - a +3 short sword of venom (weapon)
Armour
 a - a +0 robe
 g - a +2 helmet (worn)
 o - a +0 leather armour
 s - a +0 helmet
 x - a +0 robe of resistance (worn)
Jewellery
 d - an amulet of faith
 k - a +6 ring of intelligence (left hand)
Talismans
 b - a beast talisman
 j - a granite talisman
 n - a maw talisman
Wands
 r - a wand of polymorph (8)
Scrolls
 c - a scroll of butterflies
 l - a scroll of blinking {unknown}
 t - a scroll of enchant weapon {unknown}
 w - a scroll of noise {unknown}
 y - a scroll of immolation {unknown}
Potions
 e - a potion of degeneration
 i - a potion of enlightenment
 m - a potion of mutation
 p - 2 potions of curing
 v - a potion of invisibility {unknown}


   Skills:
 * Level 3.1 Fighting
 + Level 1.0 Short Blades
 + Level 3.5 Dodging
 + Level 2.3 Stealth
 * Level 3.9 Spellcasting
 * Level 3.9 Conjurations
 * Level 3.9 Hexes
 * Level 3.9 Summonings
 * Level 3.9 Necromancy
 * Level 3.9 Translocations
 * Level 3.9 Transmutations
 * Level 3.9 Fire Magic
 * Level 3.9 Ice Magic
 * Level 3.9 Air Magic
 * Level 3.9 Earth Magic
 * Level 3.9 Poison Magic
 * Level 2.0 Shapeshifting


You knew the following spells:

 Your Spells              Type           Power      Damage    Failure   Level
a - Foxfire               Conj/Fire      96%        2x1d8     1%          1
b - Scorch                Fire           48%        2d7       2%          2
c - Volatile Blastmotes   Fire/Tloc      48%        2d14      5%          3
d - Inner Flame           Hex/Fire       24%        N/A       5%          3
e - Flame Wave            Conj/Fire      24%        2d8       19%         4
f - Freeze                Ice            96%        1d10      1%          1
g - Static Discharge      Conj/Air       48%        2-4/arc   2%          2
h - Poisonous Vapours     Pois/Air       48%        N/A       2%          2
Your spell library was empty.

Dungeon Overview and Level Annotations

Branches:
Dungeon (5/15)
 Temple: D:4-7

Altars:


Innate Abilities, Weirdness & Mutations

You are immune to sickness and miasma.
You are immune to poison.
Your flesh is very heat resistant. (rF++)
You are vulnerable to cold. (rC-)
You float through the air rather than walking.
You learn spells naturally, not from books.
Your magical power is your life essence.
You have superior vitality. (+4 MHP)


Message History

Confirm with . or Enter, or press ? or * to list all spells.
You conjure some foxfire!
The ogre shouts!
The foxfire hits the ogre.
The ogre is lightly wounded.
The foxfire hits the ogre.
The ogre is moderately wounded.
Casting: Foxfire (safe; 1% risk of failure)
Confirm with . or Enter, or press ? or * to list all spells.
You conjure some foxfire!
The foxfire hits the hound.
The hound is heavily wounded.
The foxfire hits the hound.
The hound is severely wounded.
The foxfire hits the ogre but does no damage.
The ogre is lightly wounded.
The foxfire hits the ogre.
The ogre is moderately wounded.
A quokka comes into view.
The hound misses you. The hound bites you.
The ogre hits you with a +0 giant club!
You fly upwards.
There is a stone staircase leading down here.
Casting: Foxfire (safe; 1% risk of failure)
Confirm with . or Enter, or press ? or * to list all spells.
Flames lash the hound.
The hound is almost dead.
The hound's fire resistance burns away.
The hound bites you.
Casting: Scorch (safe; 2% risk of failure)
Confirm with . or Enter, or press ? or * to list all spells.
The ogre is struck by an arc of lightning.
The ogre is moderately wounded.
You are struck by an arc of lightning.
The lightning grounds out.
The hound is struck by an arc of lightning.
You kill the hound!
You are struck by an arc of lightning.
The ogre is struck by an arc of lightning.
The ogre is heavily wounded.
The lightning grounds out.
The ogre hits you with a +0 giant club!!
You die...

***********
***###########....,,,,,*
*,*###############,***,*
*,*#.............#,***,**
*,*#.#######......,,,,,,,
*,*#..........§...,,,,,**
*.##.#####..####.#,*****
*........O.<.....#,*
*,,....#@.....####,#
*,,....#.#.#...###.#
*,,....#.#.#...###.#
*,,............###.#
*,,....#...........#
*,,............[...######
*,,...##.###..)..####....
*,,...##.###.....####....
***#####.#.........##....


You could see an ogre.

Vanquished Creatures
  Sigmund (D:4)
  A phantom (D:4)
  2 hounds
  A hound zombie (D:4)
  Robin (D:3)
  An adder (D:3)
  A worm (D:2)
  4 dart slugs
  11 ball pythons
  7 endoplasms
  4 giant cockroaches
  13 goblins
  9 hobgoblins
  7 jackals
  5 kobolds
  3 quokkas
  7 bats
  4 frilled lizards
  A quokka zombie (D:4)
  5 rats
88 creatures vanquished.

Vanquished Creatures (others)
  168 foxfires
168 creatures vanquished.

Grand Total: 256 creatures vanquished

Notes
Turn   | Place    | Note
-------+----------+-------------------------------------------
     0 | D:1      | jlumianski the Djinni Fire Elementalist began the quest for
                  | the Orb.
     0 | D:1      | jlumianski set off with the following spells memorised:
                  | Foxfire, Scorch, Volatile Blastmotes, Inner Flame, Flame
                  | Wave.
     0 | D:1      | Reached XP level 1. HP: 15/15 MP: 0/0
   147 | D:1      | Reached XP level 2. HP: 21/21 MP: 0/0
   233 | D:1      | Found a faded altar of an unknown god.
   387 | D:1      | Reached XP level 3. HP: 25/26 MP: 0/0
   387 | D:1      | Learned a level 1 spell: Freeze
   506 | D:1      | Reached skill level 1 in Fighting
  1163 | D:2      | Reached XP level 4. HP: 25/32 MP: 0/0
  1655 | D:3      | Noticed Robin
  1683 | D:3      | Killed Robin
  1787 | D:4      | Noticed a phantom
  1955 | D:3      | Reached XP level 5. HP: 38/38 MP: 0/0
  1955 | D:3      | Learned a level 2 spell: Static Discharge
  2745 | D:4      | Killed a phantom
  2746 | D:4      | Reached skill level 1 in Shapeshifting
  2746 | D:4      | Reached XP level 6. HP: 36/45 MP: 0/0
  2782 | D:4      | Noticed Sigmund
  2828 | D:4      | Killed Sigmund
  2829 | D:4      | Reached skill level 1 in Short Blades
  2829 | D:4      | Reached XP level 7. HP: 28/50 MP: 0/0
  2829 | D:4      | Learned a level 2 spell: Poisonous Vapours
  2952 | D:5      | Entered Level 5 of the Dungeon
  2961 | D:4      | Slain by an ogre

Illustrated notes

Levels and vault maps discovered:
D:1:      evilmike_arrival_plus, layout_basic,
          shapermc_ecumenical_altar_starsandcircs
D:2:      layout_loops_ring, minmay_misc_feat_diagonals
D:3:      layout_rooms, dreamdust_princess_corridor, nicolae_figureground_pulse,
          uniq_robin
D:4:      layout_basic, mainiacjoe_overflow_six_doors_small, serial_undead,
          serial_undead_a, serial_undead_f, serial_undead_f, serial_undead_c,
          uniq_sigmund
D:5:      layout_layer_cave, nicolae_ossuary_entry_plus, minmay_holes,
          kennysheep_windowed_goal

Skill      XL: |  1  2  3  4  5  6 |
---------------+-------------------+-----
Spellcasting   | |  3.9
Conjurations   | |  3.9
Hexes          | |  3.9
Summonings     | |  3.9
Necromancy     | |  3.9
Translocations | |  3.9
Transmutations | |  3.9
Fire Magic     | |  3.9
Ice Magic      | |  3.9
Air Magic      | |  3.9
Earth Magic    | |  3.9
Poison Magic   | |  3.9
Stealth        | 2 |  2.3
Fighting       | 1 2 3 |  3.1
Dodging        | 3 |  3.5
Shapeshifting  | 1 2 |  2.0
Short Blades   | 1 |  1.0

Action                     |  1- 3 |  4- 6 |  7- 9 || total
---------------------------+-------+-------+-------++-------
  Melee: Unarmed           |     7 |       |       ||     7
         Dagger            |    30 |    11 |       ||    41
         Punch             |     1 |       |       ||     1
         Short sword       |       |    18 |       ||    18
   Cast: Foxfire           |    49 |    42 |     7 ||    98
         Scorch            |       |    13 |     1 ||    14
         Volatile Blastmot |       |     3 |       ||     3
         Static Discharge  |       |       |     1 ||     1
    Use: Scroll            |       |     4 |     2 ||     6
         Potion            |       |     1 |       ||     1
   Stab: Sleeping          |     1 |     1 |       ||     2
 Armour: Robe              |    10 |    21 |       ||    31
         Skin              |       |     5 |       ||     5
  Dodge: Dodged            |    31 |    21 |     1 ||    53
         Form:             |       |     1 |       ||     1
         Statue            |       |     1 |       ||     1

Table legend: (Time is in decaauts)
 A = Elapsed time spent in this place.
 B = Non-inter-level travel time spent in this place.
 C = Inter-level travel time spent in this place.
 D = Time resting spent in this place.
 E = Time spent auto-exploring this place.
 F = Levels seen in this place.
 G = Mean time per level.
                   A        B        C        D        E       F      G
               +--------+--------+--------+--------+--------+-----+--------+
         Total |   2968 |   2869 |     99 |    288 |   1632 |   5 |  593.6 |
       Dungeon |   2968 |   2869 |     99 |    288 |   1632 |   5 |  593.6 |
               +--------+--------+--------+--------+--------+-----+--------+

Top non-repeatable levels by time:
     D:3: 1014 daAuts
     D:2: 859 daAuts
     D:1: 854 daAuts
     D:4: 234 daAuts
     D:5: 6 daAuts
